Diables vs Saguenéens
(R1)
Created - 20 décembre 2016 at 19:06
Goals
|
| Diables |
1 |
2 |
2 |
5 |
| Saguenéens |
2 |
0 |
1 |
3 |
|
Shots
|
| Diables |
5 |
7 |
10 |
22 |
| Saguenéens |
9 |
8 |
10 |
27 |
|
1st period
1. Saguenéens , Tyler Kennedy 19 (Kevin Marshall, Mason Raymond) at 0:28 (PP)
2. Saguenéens , Tyler Kennedy 20 (Mason Raymond, Luke Witkowski) at 1:20
3. Diables , Steve Quailer 21 (Craig Smith, Kellan Lain) at 14:11 (PP)
Penalties :
Tyler Bozak (Alm) for Hooking (Minor) at 0:22, Josh Manson (Alm) for Goalie Interference (Minor) at 2:08, Juraj Mikus (Chi) for High sticking (Minor) at 12:56
2nd period
4. Diables , Tomas Kubalik 5 (Tyler Bozak) at 5:06 (PP)
5. Diables , Steve Quailer 22 (Kellan Lain, Tyler Bozak) at 18:42
Penalties :
Rhett Rakhshani (Chi) for High sticking (Minor) at 5:02, Dustin Kohn (Alm) for Tripping (Minor) at 11:03
3rd period
6. Diables , Craig Smith 3 (Steve Quailer, Alexandre Burrows) at 10:43 (PP)
7. Saguenéens , Tyler Kennedy 21 (Erik Haula, Mason Raymond) at 11:38 (PP)
8. Diables , Tyler Bozak 13 (Lukas Krajicek, Tyler Cuma) at 12:55
Penalties :
Tyler Kennedy (Chi) for Tripping (Minor) at 1:12, Dustin Kohn (Alm) for Tripping (Minor) at 6:07, Kyle Chipchura (Alm) for Interference (Minor) at 6:54, Tim Kennedy (Chi) for Holding (Minor) at 10:06, Ben Hanowski (Alm) for Roughing (Minor) at 11:25, Kevin Marshall (Chi) for Hooking (Minor) at 14:36, Oscar Klefbom (Chi) for Interference (Minor) at 18:35
Goalie Stats
Jean-Francois Berube (Alm), 24 saves from 27 shots - (0,889), W, 1-2-2, 60:00 minutes
Mike Smith (Chi), 17 saves from 22 shots - (0,773), L, 14-9-1, 60:00 minutes
Players Stats for Diables
Player Name G A P +/- PIM S H SB GA TA FO MP PP MP PK MP
------------------------------------------------------------------------------------
Alexandre Burrows 0 1 1 0 0 0 3 2 0 0 0/1 20:30 3:39 3:35
Ben Hanowski 0 0 0 0 2 0 0 0 1 0 0/1 13:00 0:12 0:00
Benn Ferriero 0 0 0 0 0 0 0 0 0 0 0/1 1:37 0:00 0:43
Brandon Prust 0 0 0 0 0 0 1 0 0 0 1/1 7:41 0:12 0:00
Brian Dumoulin 0 0 0 0 0 1 0 0 0 0 0/0 11:01 0:00 0:00
Craig Smith 1 1 2 0 0 3 0 1 0 0 2/7 15:59 3:39 3:38
Dustin Kohn 0 0 0 0 4 1 2 0 0 2 0/0 19:43 2:42 1:28
Josh Manson 0 0 0 0 2 0 0 0 0 0 0/0 14:39 0:00 2:02
Kellan Lain 0 2 2 1 0 7 1 0 1 0 0/0 21:39 3:27 0:45
Kyle Chipchura 0 0 0 0 2 0 1 0 0 0 2/4 8:49 0:00 1:24
Lukas Krajicek 0 1 1 1 0 0 4 0 2 3 0/0 26:09 4:36 3:42
Pavel Valentenko 0 0 0 0 0 0 0 2 0 0 0/0 21:13 2:42 3:21
Riley Sheahan 0 0 0 0 0 0 1 1 0 0 7/14 15:05 0:12 1:03
Steve Quailer 2 1 3 1 0 3 0 0 1 1 1/2 22:12 3:21 1:36
Taylor Beck 0 0 0 0 0 1 1 0 0 1 0/0 6:44 0:00 0:00
Tomas Kubalik 1 0 1 0 0 1 1 1 0 0 1/2 17:11 3:45 0:00
Tyler Bozak 1 2 3 1 2 3 4 0 1 1 11/23 20:41 3:27 0:00
Tyler Cuma 0 1 1 1 0 2 2 1 0 0 0/0 27:46 4:36 3:42
Players Stats for Saguenéens
Player Name G A P +/- PIM S H SB GA TA FO MP PP MP PK MP
------------------------------------------------------------------------------------
Brett Lebda 0 0 0 -1 0 0 2 4 0 1 0/0 28:33 3:59 4:27
Carl Hagelin 0 0 0 0 0 1 1 0 0 0 0/0 11:45 0:00 0:00
Craig Cunningham 0 0 0 0 0 0 0 0 1 0 0/0 6:54 0:00 1:05
Dalton Prout 0 0 0 1 0 0 3 0 0 0 0/0 19:53 3:04 2:51
Erik Haula 0 1 1 1 0 5 1 0 0 1 20/30 20:05 4:10 1:44
Juraj Mikus 0 0 0 -2 2 2 4 0 0 0 3/6 16:40 2:47 0:00
Kevin Marshall 0 1 1 -1 2 3 3 0 1 1 0/0 24:42 3:59 3:05
Luke Witkowski 0 1 1 1 0 1 0 0 0 0 0/0 19:53 3:04 2:51
Mason Raymond 0 3 3 1 0 2 3 2 2 1 0/0 22:22 4:02 4:26
Nick Mattson 0 0 0 0 0 0 0 1 0 0 0/0 3:05 0:00 0:14
Oscar Klefbom 0 0 0 -1 2 0 2 0 0 0 0/0 12:41 0:00 1:08
Rhett Rakhshani 0 0 0 0 2 0 1 0 0 0 0/1 7:21 0:00 1:33
Rickard Rakell 0 0 0 0 0 1 1 0 0 1 2/5 12:30 0:00 0:45
Roman Josi 0 0 0 -1 0 0 0 1 0 1 0/0 11:21 0:00 0:00
Spencer Machacek 0 0 0 -2 0 1 1 1 1 0 1/2 18:00 2:47 1:24
Teemu Pulkkinen 0 0 0 0 0 0 0 0 0 0 0/0 4:02 0:25 0:09
Tim Kennedy 0 0 0 -2 2 2 1 0 0 0 0/1 16:40 2:47 0:00
Tyler Kennedy 3 0 3 1 2 8 0 1 2 0 5/11 24:03 3:57 3:30
Tyler Pitlick 0 0 0 0 0 1 1 0 1 0 0/0 12:06 0:14 0:00
3 Stars
1 - Tyler Kennedy (Chi)
2 - Steve Quailer (Alm)
3 - Tyler Bozak (Alm)
Power Play
Diables - 3 on 6 Attempt(s) - 50,00%
Saguenéens - 2 on 6 Attempt(s) - 33,33%
Penalty Kill
Diables - 4 on 6 Attempt(s) - 66,67%
- Score 0 goal in Penalty Kill
Saguenéens - 3 on 6 Attempt(s) - 50,00%
- Score 0 goal in Penalty Kill
Team Stat
Diables - Hits : 21 - Faceoff Wins : 25 - Blocked Shots : 8 - Penalty Minutes : 12
Saguenéens - Hits : 24 - Faceoff Wins : 31 - Blocked Shots : 10 - Penalty Minutes : 12
Official
Referees : Furlatt Eric and StLaurent Francois
Linesman : Scott Cherrey and Brad Kovachik
Game Notes
0:28 of 1st period - Saguenéens goal is going for a video replay. After video review, Goal.
Tyler Kennedy has scored a Hat Trick!
Finance
Level 1 -- Attendance: 1538 (76,90%) -- Ticket Income 61 520 $
Level 2 -- Attendance: 706 (70,60%) -- Ticket Income 14 120 $
Total Attendance: 2244 (74,80%)
Total Ticket Income: 75 640 $
Other Income: 3 782 $
Total Income: 79 422 $
Diables
5 vs 5 Forward
Center Left Wing Right Wing Time % Phy DF OF
1 Tyler Bozak Kellan Lain Steve Quailer 40 1 2 2
2 Riley Sheahan Alexandre Burrows Tomas Kubalik 30 1 2 2
3 Craig Smith Brandon Prust Ben Hanowski 20 1 2 2
4 Kyle Chipchura Taylor Beck Ben Hanowski 10 1 2 2
5 vs 5 Defense
Defense Defense Time % Phy DF OF
1 Tyler Cuma Lukas Krajicek 40 1 2 2
2 Dustin Kohn Pavel Valentenko 30 1 2 2
3 Brian Dumoulin Josh Manson 20 1 2 2
4 Josh Manson Tyler Cuma 10 1 2 2
PowerPlay Forward
Center Left Wing Right Wing Time % Phy DF OF
1 Tyler Bozak Kellan Lain Tomas Kubalik 60 1 2 2
2 Craig Smith Alexandre Burrows Steve Quailer 40 1 2 2
PowerPlay Defense
Defense Defense Time % Phy DF OF
1 Tyler Cuma Lukas Krajicek 60 1 2 2
2 Dustin Kohn Pavel Valentenko 40 1 2 2
Penalty Kill 4 Players Forward
Center Wing Time % Phy DF OF
1 Craig Smith Alexandre Burrows 60 1 2 2
2 Kyle Chipchura Steve Quailer 40 1 2 2
Penalty Kill 4 Players Defense
Defense Defense Time % Phy DF OF
1 Tyler Cuma Lukas Krajicek 60 1 2 2
2 Dustin Kohn Pavel Valentenko 40 1 2 2
Penalty Kill - 3 Players Forward
Forward Time % Phy DF OF
1 Benn Ferriero 60 1 2 2
2 Alexandre Burrows 40 1 2 2
Penalty Kill - 3 Players Defense
Defense Defense Time % Phy DF OF
1 Tyler Cuma Lukas Krajicek 60 1 2 2
2 Dustin Kohn Pavel Valentenko 40 1 2 2
4 vs 4 Forward
Center Wing Time % Phy DF OF
1 Tyler Bozak Alexandre Burrows 60 1 2 2
2 Craig Smith Brandon Prust 40 1 2 2
4 vs 4 Defense
Defense Defense Time % Phy DF OF
1 Tyler Cuma Lukas Krajicek 60 1 2 2
2 Dustin Kohn Pavel Valentenko 40 1 2 2
Last Minutes Offensive
Center Left Wing Right Wing Defense Defense
Tyler Bozak Alexandre Burrows Steve Quailer Tyler Cuma Lukas Krajicek
Last Minutes Defensive
Center Left Wing Right Wing Defense Defense
Tyler Bozak Alexandre Burrows Steve Quailer Tyler Cuma Lukas Krajicek
Goaltenders
Starting : Jean-Francois Berube
Backup : Eddie Lack
Extra Forwards
Normal : Craig Smith, Tomas Kubalik, Kellan Lain - PP : Craig Smith, Tomas Kubalik - PK : Craig Smith
Extra Defensemen
Normal : Brian Dumoulin, Josh Manson, Pavel Valentenko - PP : Brian Dumoulin - PK : Pavel Valentenko, Josh Manson
Penalty Shots
Tyler Bozak, Alexandre Burrows, Brandon Prust, Steve Quailer, Riley Sheahan
Saguenéens
5 vs 5 Forward
Center Left Wing Right Wing Time % Phy DF OF
1 Erik Haula Mason Raymond Tyler Kennedy 40 1 2 2
2 Juraj Mikus Tim Kennedy Spencer Machacek 30 1 2 2
3 Rickard Rakell Carl Hagelin Tyler Pitlick 20 1 2 2
4 Tyler Kennedy Craig Cunningham Rhett Rakhshani 10 1 2 2
5 vs 5 Defense
Defense Defense Time % Phy DF OF
1 Brett Lebda Kevin Marshall 40 1 2 2
2 Dalton Prout Luke Witkowski 30 1 2 2
3 Roman Josi Oscar Klefbom 20 1 2 2
4 Nick Mattson Brett Lebda 10 1 2 2
PowerPlay Forward
Center Left Wing Right Wing Time % Phy DF OF
1 Erik Haula Mason Raymond Tyler Kennedy 60 1 2 2
2 Juraj Mikus Tim Kennedy Spencer Machacek 40 1 2 2
PowerPlay Defense
Defense Defense Time % Phy DF OF
1 Brett Lebda Kevin Marshall 60 1 2 2
2 Dalton Prout Luke Witkowski 40 1 2 2
Penalty Kill 4 Players Forward
Center Wing Time % Phy DF OF
1 Tyler Kennedy Mason Raymond 60 1 2 2
2 Spencer Machacek Erik Haula 40 1 2 2
Penalty Kill 4 Players Defense
Defense Defense Time % Phy DF OF
1 Brett Lebda Kevin Marshall 60 1 2 2
2 Dalton Prout Luke Witkowski 40 1 2 2
Penalty Kill - 3 Players Forward
Forward Time % Phy DF OF
1 Tyler Kennedy 60 1 2 2
2 Mason Raymond 40 1 2 2
Penalty Kill - 3 Players Defense
Defense Defense Time % Phy DF OF
1 Brett Lebda Kevin Marshall 60 1 2 2
2 Dalton Prout Luke Witkowski 40 1 2 2
4 vs 4 Forward
Center Wing Time % Phy DF OF
1 Tyler Kennedy Mason Raymond 60 1 2 2
2 Spencer Machacek Erik Haula 40 1 2 2
4 vs 4 Defense
Defense Defense Time % Phy DF OF
1 Brett Lebda Kevin Marshall 60 1 2 2
2 Dalton Prout Luke Witkowski 40 1 2 2
Last Minutes Offensive
Center Left Wing Right Wing Defense Defense
Erik Haula Mason Raymond Tyler Kennedy Brett Lebda Kevin Marshall
Last Minutes Defensive
Center Left Wing Right Wing Defense Defense
Erik Haula Mason Raymond Tyler Kennedy Brett Lebda Kevin Marshall
Goaltenders
Starting : Mike Smith
Backup : Martin Jones
Extra Forwards
Normal : Teemu Pulkkinen, Tyler Pitlick, Rhett Rakhshani - PP : Teemu Pulkkinen, Tyler Pitlick - PK : Rhett Rakhshani
Extra Defensemen
Normal : Roman Josi, Oscar Klefbom, Nick Mattson - PP : Roman Josi - PK : Oscar Klefbom, Nick Mattson
Penalty Shots
Tyler Kennedy, Mason Raymond, Spencer Machacek, Erik Haula, Tyler Pitlick
% Time on Ice - Diables
Lines # - Real PCT - Wanted PCT - Time Play
Normal Forward
1 - 40% - 40% - 18:21
2 - 30% - 30% - 13:33
3 - 15% - 20% - 7:01
4 - 15% - 10% - 6:44
Normal Defense
1 - 39% - 40% - 17:51
2 - 33% - 30% - 15:10
3 - 24% - 20% - 11:01
4 - 4% - 10% - 1:37
PP Forward
1 - 51% - 60% - 3:45
2 - 49% - 40% - 3:33
PP Defense
1 - 63% - 60% - 4:36
2 - 37% - 40% - 2:42
PK Forward
1 - 73% - 60% - 4:15
2 - 27% - 40% - 1:36
PK Defense
1 - 50% - 60% - 2:54
2 - 50% - 40% - 2:57
PK3 Forward
1 - 81% - 60% - 0:58
2 - 19% - 40% - 0:14
PK3 Defense
1 - 67% - 60% - 0:48
2 - 33% - 40% - 0:24
44 Forward
1 - 0% - 60%
2 - 0% - 40%
44 Defense
1 - 0% - 60%
2 - 0% - 40%
Last Minute Offensive - 0:00
Last Minute Defensive - 0:00
Total
Forward - 60:00
Defense - 60:00
|
% Time on Ice - Saguenéens
Lines # - Real PCT - Wanted PCT - Time Play
Normal Forward
1 - 31% - 40% - 14:01
2 - 31% - 30% - 14:04
3 - 26% - 20% - 11:45
4 - 13% - 10% - 5:49
Normal Defense
1 - 39% - 40% - 17:39
2 - 31% - 30% - 13:58
3 - 25% - 20% - 11:21
4 - 6% - 10% - 2:41
PP Forward
1 - 61% - 60% - 4:16
2 - 39% - 40% - 2:47
PP Defense
1 - 57% - 60% - 3:59
2 - 43% - 40% - 3:04
PK Forward
1 - 81% - 60% - 5:54
2 - 19% - 40% - 1:24
PK Defense
1 - 61% - 60% - 4:27
2 - 39% - 40% - 2:51
PK3 Forward
1 - 0% - 60%
2 - 0% - 40%
PK3 Defense
1 - 0% - 60%
2 - 0% - 40%
44 Forward
1 - 0% - 60%
2 - 0% - 40%
44 Defense
1 - 0% - 60%
2 - 0% - 40%
Last Minute Offensive - 0:00
Last Minute Defensive - 0:00
Total
Forward - 60:00
Defense - 60:00
|
Play by Play
1st period
0:01 of 1st period - Erik Haula wins face-off versus Tyler Bozak in neutral zone.
0:22 of 1st period - Minor Penalty to Tyler Bozak for Hooking.
0:23 of 1st period - Tyler Kennedy wins face-off versus Craig Smith in Diables zone.
0:24 of 1st period - Snap shot by Mason Raymond.
0:24 of 1st period - Shot Blocked by Craig Smith.
0:26 of 1st period - Slapshot by Kevin Marshall.
0:26 of 1st period - Deflect By Tyler Cuma.
0:26 of 1st period - Stopped by Jean-Francois Berube with a rebound.
0:28 of 1st period - Backhand shot by Tyler Kennedy.
0:28 of 1st period - Saguenéens goal is going for a video replay.
0:28 of 1st period - The goal is good.
0:28 of 1st period - Goal by Tyler Kennedy - Diables : 0 - Saguenéens : 1.
0:29 of 1st period - Riley Sheahan wins face-off versus Rickard Rakell in neutral zone.
0:58 of 1st period - Snap shot by Tim Kennedy.
0:58 of 1st period - Shot Blocked by Pavel Valentenko.
1:18 of 1st period - Slapshot by Mason Raymond.
1:18 of 1st period - Shot Misses the Net.
1:20 of 1st period - Snap shot by Tyler Kennedy.
1:20 of 1st period - Goal by Tyler Kennedy - Diables : 0 - Saguenéens : 2.
1:21 of 1st period - Erik Haula wins face-off versus Kyle Chipchura in neutral zone.
1:26 of 1st period - Snap shot by Tyler Kennedy.
1:26 of 1st period - Stopped by Jean-Francois Berube without a rebound.
1:27 of 1st period - Kyle Chipchura wins face-off versus Erik Haula in Diables zone.
1:32 of 1st period - Snap shot by Tyler Kennedy.
1:32 of 1st period - Stopped by Jean-Francois Berube without a rebound.
1:33 of 1st period - Juraj Mikus wins face-off versus Riley Sheahan in Diables zone.
1:46 of 1st period - Snap shot by Spencer Machacek.
1:46 of 1st period - Deflect By Tim Kennedy.
1:46 of 1st period - Shot Misses the Net.
1:46 of 1st period - Puck is out of play.
1:47 of 1st period - Tyler Kennedy wins face-off versus Tyler Bozak in Diables zone.
2:08 of 1st period - Minor Penalty to Josh Manson for Goalie Interference.
2:09 of 1st period - Erik Haula wins face-off versus Craig Smith in Diables zone.
2:32 of 1st period - Tyler Kennedy is hit by Tyler Cuma and loses puck.
4:08 of 1st period - Penalty to Josh Manson is over, Josh Manson is back on ice.
4:47 of 1st period - Roman Josi is hit by Kyle Chipchura and loses puck.
5:58 of 1st period - Mason Raymond is hit by Lukas Krajicek.
6:02 of 1st period - Tyler Cuma is hit by Dalton Prout.
6:30 of 1st period - Alexandre Burrows is hit by Carl Hagelin and loses puck.
7:13 of 1st period - Snap shot by Lukas Krajicek.
7:13 of 1st period - Shot Misses the Net.
7:43 of 1st period - Oscar Klefbom is hit by Dustin Kohn and loses puck.
8:23 of 1st period - Slapshot by Taylor Beck.
8:23 of 1st period - Stopped by Mike Smith with a rebound.
8:50 of 1st period - Wrist shot by Tyler Kennedy.
8:50 of 1st period - Shot Blocked by Alexandre Burrows.
9:19 of 1st period - Kellan Lain is hit by Erik Haula and loses puck.
9:34 of 1st period - Josh Manson is hit by Spencer Machacek and loses puck.
9:57 of 1st period - Erik Haula is hit by Brandon Prust and loses puck.
10:20 of 1st period - Steve Quailer is hit by Rhett Rakhshani and loses puck.
10:43 of 1st period - Snap shot by Ben Hanowski.
10:43 of 1st period - Shot Blocked by Spencer Machacek.
11:01 of 1st period - Erik Haula is hit by Tyler Cuma and loses puck.
11:16 of 1st period - Kellan Lain is hit by Rickard Rakell and loses puck.
12:09 of 1st period - Tim Kennedy is hit by Taylor Beck and loses puck.
12:21 of 1st period - Icing by Ben Hanowski.
12:22 of 1st period - Kyle Chipchura wins face-off versus Erik Haula in Diables zone.
12:56 of 1st period - Minor Penalty to Juraj Mikus for High sticking.
12:57 of 1st period - Tyler Bozak wins face-off versus Tyler Kennedy in Saguenéens zone.
12:57 of 1st period - Wrist shot by Kellan Lain.
12:57 of 1st period - Deflect By Brett Lebda.
12:57 of 1st period - Stopped by Mike Smith with a rebound.
13:07 of 1st period - Snap shot by Tyler Bozak.
13:07 of 1st period - Shot Blocked by Brett Lebda.
13:09 of 1st period - Slapshot by Kellan Lain.
13:09 of 1st period - Shot Misses the Net.
13:11 of 1st period - Slapshot by Lukas Krajicek.
13:11 of 1st period - Shot Misses the Net.
13:13 of 1st period - Slapshot by Tyler Bozak.
13:13 of 1st period - Stopped by Mike Smith with a rebound.
14:01 of 1st period - Icing by Kellan Lain.
14:02 of 1st period - Tyler Kennedy wins face-off versus Tyler Bozak in Diables zone.
14:11 of 1st period - Wrist shot by Steve Quailer.
14:11 of 1st period - Goal by Steve Quailer - Diables : 1 - Saguenéens : 2.
14:12 of 1st period - Tyler Bozak wins face-off versus Erik Haula in neutral zone.
14:56 of 1st period - Off-side.
14:57 of 1st period - Rickard Rakell wins face-off versus Ben Hanowski in neutral zone.
15:02 of 1st period - Wrist shot by Carl Hagelin.
15:02 of 1st period - Shot Misses the Net.
15:04 of 1st period - Slapshot by Luke Witkowski.
15:04 of 1st period - Shot Misses the Net.
15:06 of 1st period - Snap shot by Luke Witkowski.
15:06 of 1st period - Stopped by Jean-Francois Berube without a rebound.
15:07 of 1st period - Erik Haula wins face-off versus Tyler Bozak in Diables zone.
15:57 of 1st period - Wrist shot by Brandon Prust.
15:57 of 1st period - Shot Blocked by Brett Lebda.
16:35 of 1st period - Snap shot by Carl Hagelin.
16:35 of 1st period - Shot Blocked by Alexandre Burrows.
16:37 of 1st period - Snap shot by Carl Hagelin.
16:37 of 1st period - Shot Blocked by Riley Sheahan.
16:39 of 1st period - Wrist shot by Tyler Pitlick.
16:39 of 1st period - Shot Hit the Post.
16:47 of 1st period - Snap shot by Tyler Pitlick.
16:47 of 1st period - Stopped by Jean-Francois Berube with a rebound.
16:55 of 1st period - Snap shot by Carl Hagelin.
16:55 of 1st period - Shot Misses the Net.
17:05 of 1st period - Snap shot by Rickard Rakell.
17:05 of 1st period - Stopped by Jean-Francois Berube without a rebound.
17:06 of 1st period - Erik Haula wins face-off versus Tyler Bozak in Diables zone.
17:17 of 1st period - Slapshot by Kellan Lain.
17:17 of 1st period - Shot Blocked by Nick Mattson.
18:35 of 1st period - Kyle Chipchura is hit by Oscar Klefbom and loses puck.
18:48 of 1st period - Tomas Kubalik is hit by Tim Kennedy and loses puck.
19:16 of 1st period - Icing by Ben Hanowski.
19:17 of 1st period - Tyler Bozak wins face-off versus Erik Haula in Diables zone.
19:30 of 1st period - Wrist shot by Kellan Lain.
19:30 of 1st period - Stopped by Mike Smith without a rebound.
19:31 of 1st period - Juraj Mikus wins face-off versus Riley Sheahan in Saguenéens zone.
19:31 of 1st period - Juraj Mikus is hit by Riley Sheahan.
19:37 of 1st period - Snap shot by Juraj Mikus.
19:37 of 1st period - Shot Misses the Net.
19:39 of 1st period - Backhand shot by Spencer Machacek.
19:39 of 1st period - Shot Misses the Net.
19:41 of 1st period - Snap shot by Spencer Machacek.
19:41 of 1st period - Shot Misses the Net.
19:47 of 1st period - Slapshot by Juraj Mikus.
19:47 of 1st period - Stopped by Jean-Francois Berube without a rebound.
19:48 of 1st period - Erik Haula wins face-off versus Tyler Bozak in Diables zone.
Goals for this period are 1 for Diables vs 2 for Saguenéens.
Shots for this period are 5 for Diables vs 9 for Saguenéens.
2nd period
0:01 of 2nd period - Erik Haula wins face-off versus Tyler Bozak in neutral zone.
0:04 of 2nd period - Lukas Krajicek is hit by Brett Lebda and loses puck.
0:27 of 2nd period - Spencer Machacek is hit by Lukas Krajicek and loses puck.
1:11 of 2nd period - Snap shot by Mason Raymond.
1:11 of 2nd period - Stopped by Jean-Francois Berube with a rebound.
2:20 of 2nd period - Kellan Lain is hit by Juraj Mikus and loses puck.
2:47 of 2nd period - Tyler Kennedy is hit by Kellan Lain and loses puck.
3:33 of 2nd period - Riley Sheahan is hit by Brett Lebda and loses puck.
5:02 of 2nd period - Minor Penalty to Rhett Rakhshani for High sticking.
5:03 of 2nd period - Tyler Bozak wins face-off versus Tyler Kennedy in Saguenéens zone.
5:04 of 2nd period - Snap shot by Tomas Kubalik.
5:04 of 2nd period - Shot Misses the Net.
5:06 of 2nd period - Snap shot by Tomas Kubalik.
5:06 of 2nd period - Goal by Tomas Kubalik - Diables : 2 - Saguenéens : 2.
5:07 of 2nd period - Erik Haula wins face-off versus Tyler Bozak in neutral zone.
5:14 of 2nd period - Snap shot by Erik Haula.
5:14 of 2nd period - Stopped by Jean-Francois Berube without a rebound.
5:15 of 2nd period - Erik Haula wins face-off versus Tyler Bozak in Diables zone.
5:26 of 2nd period - Wrist shot by Kellan Lain.
5:26 of 2nd period - Shot Misses the Net.
5:45 of 2nd period - Off-side.
5:46 of 2nd period - Riley Sheahan wins face-off versus Tim Kennedy in neutral zone.
5:49 of 2nd period - Dalton Prout is hit by Alexandre Burrows and loses puck.
6:14 of 2nd period - Brandon Prust is hit by Dalton Prout and loses puck.
6:57 of 2nd period - Wrist shot by Alexandre Burrows.
6:57 of 2nd period - Shot Misses the Net.
7:33 of 2nd period - Snap shot by Kellan Lain.
7:33 of 2nd period - Shot Misses the Net.
7:35 of 2nd period - Slapshot by Brian Dumoulin.
7:35 of 2nd period - Deflect By Kevin Marshall.
7:35 of 2nd period - Stopped by Mike Smith without a rebound.
7:36 of 2nd period - Rickard Rakell wins face-off versus Tyler Bozak in Saguenéens zone.
8:01 of 2nd period - Alexandre Burrows is hit by Oscar Klefbom and loses puck.
8:10 of 2nd period - Wrist shot by Tyler Kennedy.
8:10 of 2nd period - Stopped by Jean-Francois Berube with a rebound.
8:12 of 2nd period - Snap shot by Mason Raymond.
8:12 of 2nd period - Shot Misses the Net.
9:19 of 2nd period - Wrist shot by Alexandre Burrows.
9:19 of 2nd period - Shot Hit the Post.
9:39 of 2nd period - Brandon Prust is hit by Juraj Mikus.
9:55 of 2nd period - Wrist shot by Tyler Bozak.
9:55 of 2nd period - Stopped by Mike Smith without a rebound.
9:56 of 2nd period - Tyler Bozak wins face-off versus Rickard Rakell in Saguenéens zone.
10:09 of 2nd period - Snap shot by Tyler Cuma.
10:09 of 2nd period - Stopped by Mike Smith with a rebound.
10:28 of 2nd period - Slapshot by Tyler Cuma.
10:28 of 2nd period - Deflect By Riley Sheahan.
10:28 of 2nd period - Shot Misses the Net.
10:28 of 2nd period - Puck is out of play.
10:29 of 2nd period - Erik Haula wins face-off versus Steve Quailer in Saguenéens zone.
10:36 of 2nd period - Snap shot by Kellan Lain.
10:36 of 2nd period - Shot Misses the Net.
11:00 of 2nd period - Snap shot by Tim Kennedy.
11:00 of 2nd period - Stopped by Jean-Francois Berube with a rebound.
11:03 of 2nd period - Minor Penalty to Dustin Kohn for Tripping.
11:04 of 2nd period - Erik Haula wins face-off versus Craig Smith in Diables zone.
11:29 of 2nd period - Craig Smith is hit by Kevin Marshall and loses puck.
12:10 of 2nd period - Slapshot by Steve Quailer.
12:10 of 2nd period - Stopped by Mike Smith with a rebound.
13:03 of 2nd period - Penalty to Dustin Kohn is over, Dustin Kohn is back on ice.
14:32 of 2nd period - Off-side.
14:33 of 2nd period - Juraj Mikus wins face-off versus Tomas Kubalik in neutral zone.
14:48 of 2nd period - Kevin Marshall is hit by Tomas Kubalik and loses puck.
15:44 of 2nd period - Wrist shot by Erik Haula.
15:44 of 2nd period - Stopped by Jean-Francois Berube with a rebound.
15:46 of 2nd period - Slapshot by Roman Josi.
15:46 of 2nd period - Shot Misses the Net.
15:48 of 2nd period - Snap shot by Mason Raymond.
15:48 of 2nd period - Shot Blocked by Pavel Valentenko.
17:06 of 2nd period - Wrist shot by Carl Hagelin.
17:06 of 2nd period - Stopped by Jean-Francois Berube with a rebound.
17:08 of 2nd period - Wrist shot by Carl Hagelin.
17:08 of 2nd period - Shot Misses the Net.
17:33 of 2nd period - Slapshot by Kellan Lain.
17:33 of 2nd period - Stopped by Mike Smith without a rebound.
17:34 of 2nd period - Tyler Bozak wins face-off versus Juraj Mikus in Saguenéens zone.
17:49 of 2nd period - Tim Kennedy is hit by Tyler Bozak and loses puck.
18:30 of 2nd period - Snap shot by Kellan Lain.
18:30 of 2nd period - Shot Blocked by Roman Josi.
18:42 of 2nd period - Snap shot by Steve Quailer.
18:42 of 2nd period - Goal by Steve Quailer - Diables : 3 - Saguenéens : 2.
18:43 of 2nd period - Erik Haula wins face-off versus Riley Sheahan in neutral zone.
18:46 of 2nd period - Slapshot by Kevin Marshall.
18:46 of 2nd period - Stopped by Jean-Francois Berube with a rebound.
18:50 of 2nd period - Snap shot by Mason Raymond.
18:50 of 2nd period - Stopped by Jean-Francois Berube without a rebound.
18:51 of 2nd period - Erik Haula wins face-off versus Riley Sheahan in Diables zone.
19:53 of 2nd period - Off-side.
19:54 of 2nd period - Spencer Machacek wins face-off versus Riley Sheahan in neutral zone.
19:58 of 2nd period - Oscar Klefbom is hit by Dustin Kohn and loses puck.
Goals for this period are 2 for Diables vs 0 for Saguenéens.
Shots for this period are 7 for Diables vs 8 for Saguenéens.
3rd period
0:01 of 3rd period - Erik Haula wins face-off versus Tyler Bozak in neutral zone.
0:16 of 3rd period - Snap shot by Erik Haula.
0:16 of 3rd period - Stopped by Jean-Francois Berube with a rebound.
0:26 of 3rd period - Lukas Krajicek is hit by Kevin Marshall and loses puck.
0:33 of 3rd period - Kevin Marshall is hit by Tyler Bozak and loses puck.
1:08 of 3rd period - Slapshot by Kellan Lain.
1:08 of 3rd period - Deflect By Tyler Bozak.
1:08 of 3rd period - Shot Blocked by Brett Lebda.
1:08 of 3rd period - Puck is out of play.
1:09 of 3rd period - Erik Haula wins face-off versus Riley Sheahan in Saguenéens zone.
1:09 of 3rd period - Erik Haula is hit by Lukas Krajicek.
1:12 of 3rd period - Minor Penalty to Tyler Kennedy for Tripping.
1:13 of 3rd period - Steve Quailer wins face-off versus Rhett Rakhshani in Saguenéens zone.
1:32 of 3rd period - Kellan Lain is hit by Mason Raymond and loses puck.
3:12 of 3rd period - Penalty to Tyler Kennedy is over, Tyler Kennedy is back on ice.
4:57 of 3rd period - Wrist shot by Carl Hagelin.
4:57 of 3rd period - Deflect By Rickard Rakell.
4:57 of 3rd period - Shot Misses the Net.
4:57 of 3rd period - Puck is out of play.
4:58 of 3rd period - Tyler Bozak wins face-off versus Rickard Rakell in Diables zone.
4:58 of 3rd period - Tyler Bozak is hit by Tyler Pitlick.
5:08 of 3rd period - Wrist shot by Kellan Lain.
5:08 of 3rd period - Stopped by Mike Smith with a rebound.
5:34 of 3rd period - Craig Smith is hit by Mason Raymond and loses puck.
5:42 of 3rd period - Icing by Ben Hanowski.
5:43 of 3rd period - Craig Smith wins face-off versus Juraj Mikus in Diables zone.
6:07 of 3rd period - Minor Penalty to Dustin Kohn for Tripping.
6:08 of 3rd period - Erik Haula wins face-off versus Craig Smith in Diables zone.
6:13 of 3rd period - Snap shot by Mason Raymond.
6:13 of 3rd period - Shot Misses the Net.
6:39 of 3rd period - Wrist shot by Tim Kennedy.
6:39 of 3rd period - Deflect By Juraj Mikus.
6:39 of 3rd period - Shot Misses the Net.
6:39 of 3rd period - Puck is out of play.
6:40 of 3rd period - Erik Haula wins face-off versus Kyle Chipchura in Diables zone.
6:43 of 3rd period - Slapshot by Erik Haula.
6:43 of 3rd period - Stopped by Jean-Francois Berube with a rebound.
6:54 of 3rd period - Minor Penalty to Kyle Chipchura for Interference.
6:55 of 3rd period - Erik Haula wins face-off versus Benn Ferriero in Diables zone.
7:29 of 3rd period - Snap shot by Juraj Mikus.
7:29 of 3rd period - Shot Misses the Net.
7:31 of 3rd period - Wrist shot by Spencer Machacek.
7:31 of 3rd period - Stopped by Jean-Francois Berube with a rebound.
8:07 of 3rd period - Penalty to Dustin Kohn is over, Dustin Kohn is back on ice.
8:54 of 3rd period - Penalty to Kyle Chipchura is over, Kyle Chipchura is back on ice.
9:20 of 3rd period - Icing by Alexandre Burrows.
9:21 of 3rd period - Tyler Kennedy wins face-off versus Riley Sheahan in Diables zone.
9:24 of 3rd period - Snap shot by Tyler Kennedy.
9:24 of 3rd period - Shot Hit the Post.
10:06 of 3rd period - Minor Penalty to Tim Kennedy for Holding.
10:07 of 3rd period - Tyler Bozak wins face-off versus Tyler Kennedy in Saguenéens zone.
10:09 of 3rd period - Wrist shot by Kellan Lain.
10:09 of 3rd period - Deflect By Tomas Kubalik.
10:09 of 3rd period - Shot Misses the Net.
10:09 of 3rd period - Puck is out of play.
10:10 of 3rd period - Tyler Bozak wins face-off versus Tyler Kennedy in Saguenéens zone.
10:13 of 3rd period - Snap shot by Kellan Lain.
10:13 of 3rd period - Shot Misses the Net.
10:17 of 3rd period - Slapshot by Tyler Bozak.
10:17 of 3rd period - Shot Misses the Net.
10:19 of 3rd period - Snap shot by Lukas Krajicek.
10:19 of 3rd period - Shot Blocked by Brett Lebda.
10:21 of 3rd period - Snap shot by Kellan Lain.
10:21 of 3rd period - Stopped by Mike Smith with a rebound.
10:23 of 3rd period - Snap shot by Tomas Kubalik.
10:23 of 3rd period - Shot Blocked by Mason Raymond.
10:25 of 3rd period - Wrist shot by Tomas Kubalik.
10:25 of 3rd period - Shot Misses the Net.
10:41 of 3rd period - Wrist shot by Craig Smith.
10:41 of 3rd period - Stopped by Mike Smith with a rebound.
10:43 of 3rd period - Snap shot by Craig Smith.
10:43 of 3rd period - Goal by Craig Smith - Diables : 4 - Saguenéens : 2.
10:44 of 3rd period - Riley Sheahan wins face-off versus Erik Haula in neutral zone.
10:51 of 3rd period - Tyler Kennedy is hit by Alexandre Burrows and loses puck.
11:10 of 3rd period - Tyler Cuma is hit by Juraj Mikus.
11:25 of 3rd period - Minor Penalty to Ben Hanowski for Roughing.
11:26 of 3rd period - Erik Haula wins face-off versus Alexandre Burrows in Diables zone.
11:26 of 3rd period - Snap shot by Tyler Kennedy.
11:26 of 3rd period - Stopped by Jean-Francois Berube with a rebound.
11:28 of 3rd period - Wrist shot by Mason Raymond.
11:28 of 3rd period - Shot Misses the Net.
11:30 of 3rd period - Snap shot by Tyler Kennedy.
11:30 of 3rd period - Stopped by Jean-Francois Berube with a rebound.
11:34 of 3rd period - Wrist shot by Tyler Kennedy.
11:34 of 3rd period - Shot Misses the Net.
11:36 of 3rd period - Wrist shot by Erik Haula.
11:36 of 3rd period - Shot Blocked by Tyler Cuma.
11:38 of 3rd period - Wrist shot by Tyler Kennedy.
11:38 of 3rd period - Goal by Tyler Kennedy - Diables : 4 - Saguenéens : 3.
11:39 of 3rd period - Riley Sheahan wins face-off versus Erik Haula in neutral zone.
11:42 of 3rd period - Snap shot by Tomas Kubalik.
11:42 of 3rd period - Shot Blocked by Mason Raymond.
11:44 of 3rd period - Slapshot by Riley Sheahan.
11:44 of 3rd period - Shot Misses the Net.
12:04 of 3rd period - Tim Kennedy is hit by Tyler Bozak and loses puck.
12:11 of 3rd period - Snap shot by Kellan Lain.
12:11 of 3rd period - Stopped by Mike Smith without a rebound.
12:12 of 3rd period - Tyler Bozak wins face-off versus Erik Haula in Saguenéens zone.
12:12 of 3rd period - Dustin Kohn is hit by Dalton Prout and loses puck.
12:21 of 3rd period - Snap shot by Tyler Bozak.
12:21 of 3rd period - Shot Misses the Net.
12:23 of 3rd period - Slapshot by Dustin Kohn.
12:23 of 3rd period - Stopped by Mike Smith without a rebound.
12:24 of 3rd period - Riley Sheahan wins face-off versus Erik Haula in Saguenéens zone.
12:25 of 3rd period - Wrist shot by Tomas Kubalik.
12:25 of 3rd period - Shot Misses the Net.
12:35 of 3rd period - Wrist shot by Tyler Kennedy.
12:35 of 3rd period - Shot Blocked by Tomas Kubalik.
12:37 of 3rd period - Snap shot by Kevin Marshall.
12:37 of 3rd period - Stopped by Jean-Francois Berube with a rebound.
12:39 of 3rd period - Slapshot by Erik Haula.
12:39 of 3rd period - Stopped by Jean-Francois Berube with a rebound.
12:55 of 3rd period - Snap shot by Tyler Bozak.
12:55 of 3rd period - Goal by Tyler Bozak - Diables : 5 - Saguenéens : 3.
12:56 of 3rd period - Riley Sheahan wins face-off versus Tyler Kennedy in neutral zone.
13:03 of 3rd period - Off-side.
13:04 of 3rd period - Tomas Kubalik wins face-off versus Erik Haula in neutral zone.
13:37 of 3rd period - Wrist shot by Juraj Mikus.
13:37 of 3rd period - Stopped by Jean-Francois Berube with a rebound.
13:39 of 3rd period - Slapshot by Tim Kennedy.
13:39 of 3rd period - Stopped by Jean-Francois Berube without a rebound.
13:40 of 3rd period - Riley Sheahan wins face-off versus Erik Haula in Diables zone.
14:05 of 3rd period - Spencer Machacek is hit by Tyler Bozak and loses puck.
14:14 of 3rd period - Snap shot by Kellan Lain.
14:14 of 3rd period - Stopped by Mike Smith without a rebound.
14:15 of 3rd period - Erik Haula wins face-off versus Craig Smith in Saguenéens zone.
14:21 of 3rd period - Craig Smith is hit by Kevin Marshall and loses puck.
14:26 of 3rd period - Slapshot by Josh Manson.
14:26 of 3rd period - Shot Misses the Net.
14:28 of 3rd period - Slapshot by Tyler Cuma.
14:28 of 3rd period - Deflect By Kevin Marshall.
14:28 of 3rd period - Stopped by Mike Smith with a rebound.
14:30 of 3rd period - Slapshot by Brandon Prust.
14:30 of 3rd period - Shot Blocked by Tyler Kennedy.
14:36 of 3rd period - Minor Penalty to Kevin Marshall for Hooking.
14:37 of 3rd period - Tyler Kennedy wins face-off versus Tyler Bozak in Saguenéens zone.
14:42 of 3rd period - Tyler Bozak is hit by Mason Raymond and loses puck.
15:18 of 3rd period - Mason Raymond is hit by Alexandre Burrows and loses puck.
15:29 of 3rd period - Slapshot by Tyler Cuma.
15:29 of 3rd period - Deflect By Craig Smith.
15:29 of 3rd period - Stopped by Mike Smith without a rebound.
15:30 of 3rd period - Tyler Bozak wins face-off versus Spencer Machacek in Saguenéens zone.
15:43 of 3rd period - Wrist shot by Kellan Lain.
15:43 of 3rd period - Shot Misses the Net.
15:45 of 3rd period - Slapshot by Dustin Kohn.
15:45 of 3rd period - Shot Misses the Net.
16:36 of 3rd period - Penalty to Kevin Marshall is over, Kevin Marshall is back on ice.
17:15 of 3rd period - Brian Dumoulin is hit by Juraj Mikus and loses puck.
17:58 of 3rd period - Off-side.
17:59 of 3rd period - Brandon Prust wins face-off versus Juraj Mikus in neutral zone.
18:35 of 3rd period - Minor Penalty to Oscar Klefbom for Interference.
18:36 of 3rd period - Craig Smith wins face-off versus Tyler Kennedy in Saguenéens zone.
18:48 of 3rd period - Tyler Kennedy is hit by Lukas Krajicek.
Goals for this period are 2 for Diables vs 1 for Saguenéens.
Shots for this period are 10 for Diables vs 10 for Saguenéens.
Back to the Top